Map: Heavy Artillery LE

Players

Tbroco

  • Race: Protoss Protoss
  • League: Diamond
  • Spawn Location: 7:00

Loli

  • Race: Protoss Protoss
  • League: Diamond
  • Spawn Location: 7:00

qqq - Winner!

  • Race: Zerg Zerg
  • Spawn Location: 1:00

Massa - Winner!

  • Race: Terran Terran
  • League: Platinum
  • Spawn Location: 3:00

VOD

Have the link to the VOD?

Description

Time

  • Played on: Feb. 14, 2021, 8:53 a.m.
  • Length: 14:18
Show
View Real Time Build Order
Export as new Build Order

Tbroco Protoss 

Build Orders: Oracle Opening, Phoenix Opening 

Get SALT Encoding   

  12  0:01  Probe  
  13  0:13  Probe  
  14  0:21  Pylon  
  14  0:25  Probe  
  15  0:39  Probe  
  15  0:40  Gateway  
  16  0:45  Pylon  
  16  0:51  Probe  
  16  0:54  Assimilator  
  17  1:01  Assimilator  
  17  1:03  Probe  
  18  1:15  Probe  
  19  1:27  Probe, Cybernetics Core  
  20  1:37  Forge  
  20  1:39  Probe  
  21  1:51  Probe, Pylon  
  22  2:03  Probe  
  23  2:11  Stargate  
  23  2:15  Probe  
  24  2:28  Probe  
  25  2:34  Nexus  
  25  2:44  Probe  
  26  2:53  Stargate  
  26  2:55  Oracle  
  29  3:02  Pylon  
  29  3:08  Probe  
  30  3:26  Protoss Air Weapons Level 1  
  30  3:30  Assimilator  
  30  3:36  Phoenix  
  32  3:44  Probe  
  33  3:52  Probe  
  34  3:56  Probe  
  34  4:01  Oracle  
  38  4:04  Probe  
  38  4:08  Probe  
  40  4:17  Probe  
  41  4:33  Oracle  
  44  4:40  Oracle  
  47  4:56  Probe x2  
  49  5:08  Probe x2  
  49  5:10  Oracle  
  54  5:29  Oracle  
  57  5:41  Pylon  
  57  5:43  Pylon  
  57  5:48  Stargate  
  57  5:59  Assimilator  
  57  6:11  Oracle x2  
  63  6:19  Nexus  
  63  6:21  Pylon  
  63  6:24  Pylon  
  64  6:25  Probe x2  
  65  6:37  Probe  
  66  6:48  Oracle x2  
  72  7:33  Oracle x2  
  72  7:36  Oracle  
  81  7:48  Probe x2  
  83  7:53  Photon Cannon  
  83  7:55  Photon Cannon  
  83  7:57  Shield Battery  
  83  7:58  Probe  
  84  7:59  Photon Cannon  
  84  8:00  Probe, Assimilator  
  84  8:01  Probe  
  84  8:05  Photon Cannon, Assimilator  
  86  8:09  Photon Cannon  
  86  8:10  Probe  
  87  8:12  Photon Cannon  
  87  8:13  Probe x2  
  87  8:15  Photon Cannon  
  87  8:18  Shield Battery  
  87  8:19  Photon Cannon  
  89  8:20  Shield Battery  
  89  8:22  Probe, Shield Battery  
  89  8:25  Probe, Photon Cannon  
  91  8:27  Pylon  
  91  8:31  Pylon  
  74  9:23  Void Ray  
  64  9:51  Pylon  
  64  10:01  Probe x3  
  67  10:12  Photon Cannon  
  67  10:15  Photon Cannon  
  67  10:18  Probe x2 (Chrono Boost), Shield Battery  
  67  10:19  Probe (Chrono Boost)  
  67  10:20  Shield Battery  
  73  10:28  Probe x2 (Chrono Boost)  
  73  10:29  Probe (Chrono Boost)  
  73  10:33  Probe (Chrono Boost)  
  74  10:36  Oracle x3  
  74  11:13  Oracle x3  
  83  11:29  Probe  
  83  11:30  Probe x2  
  86  11:36  Stargate  
  86  11:40  Pylon  
  86  11:45  Pylon  
  86  11:49  Pylon  
  86  11:50  Oracle x3, Fleet Beacon  
  86  11:53  Twilight Council  
  55  13:02  Probe x3, Void Ray (Chrono Boost)  
  74  13:14  Carrier (Chrono Boost)  
  74  13:19  Carrier x2 (Chrono Boost)  
  72  13:29  Shield Battery  
  72  13:40  Pylon  
Show
View Real Time Build Order
Export as new Build Order

Loli Protoss 

Build Orders:  

Get SALT Encoding   

  12  0:01  Probe  
  13  0:16  Pylon  
  13  0:18  Probe  
  14  0:30  Probe  
  14  0:34  Gateway  
  15  0:46  Gateway  
  15  0:50  Probe  
  16  1:02  Probe  
  17  1:06  Assimilator  
  17  1:15  Probe  
  18  1:21  Cybernetics Core  
  18  1:25  Pylon  
  18  1:27  Probe (Chrono Boost)  
  18  1:29  Assimilator  
  19  1:39  Probe (Chrono Boost)  
  20  1:46  Probe (Chrono Boost)  
  21  1:53  Probe  
  21  1:57  Adept  
  21  1:58  Adept  
  21  2:01  Warp Gate (Chrono Boost)  
  26  2:10  Probe  
  27  2:41  Nexus  
  27  2:45  Pylon  
  27  2:55  Twilight Council, Forge  
  23  3:50  Protoss Ground Weapons Level 1, Resonating Glaives  
  23  3:52  Adept x2  
  23  3:54  Probe (Chrono Boost)  
  30  4:03  Probe x2 (Chrono Boost), Gateway  
  30  4:05  Gateway  
  30  4:08  Probe (Chrono Boost), Robotics Facility  
  30  4:09  Probe  
  31  4:16  Pylon  
  32  4:19  Pylon  
  32  4:21  Probe  
  34  4:27  Probe  
  34  4:28  Zealot x2  
  23  4:48  Adept x2  
  27  4:56  Warp Prism  
  29  5:04  Adept x2  
  33  5:07  Adept  
  33  5:13  Adept  
  37  5:19  Probe  
  38  5:34  Photon Cannon  
  38  5:40  Photon Cannon  
  38  5:41  Shield Battery  
  38  5:50  Pylon  
  38  5:52  Probe (Chrono Boost)  
  39  6:03  Observer  
  41  6:04  Probe (Chrono Boost)  
  41  6:11  Photon Cannon  
  41  6:12  Probe (Chrono Boost)  
  41  6:16  Gateway  
  42  6:18  Probe  
  43  6:30  Probe  
  44  6:35  Gateway  
  44  6:37  Photon Cannon, Shield Battery  
  36  7:04  Adept x4  
  34  7:42  Blink  
  34  7:48  Stalker x2  
  34  7:49  Protoss Ground Weapons Level 2 (Chrono Boost), Stalker x4  
  44  7:58  Pylon  
  44  8:00  Pylon  
  44  8:03  Probe (Chrono Boost), Pylon  
  44  8:04  Assimilator  
  45  8:05  Assimilator  
  45  8:15  Probe (Chrono Boost)  
  46  8:20  Photon Cannon  
  46  8:22  Probe (Chrono Boost), Shield Battery  
  47  8:29  Photon Cannon  
  47  8:30  Probe  
  47  8:31  Shield Battery  
  48  8:42  Probe  
  49  8:52  Stalker x3  
  49  8:54  Probe  
  54  9:08  Stalker  
  54  9:09  Stalker x2  
  42  9:20  Stalker x2  
  46  9:46  Stalker x3  
  50  10:01  Probe  
  50  10:03  Observer  
  52  10:08  Stalker x2  
  52  10:09  Stalker  
  52  10:13  Probe  
  59  10:14  Photon Cannon  
  59  10:16  Charge  
  59  10:25  Probe  
  59  10:27  Stalker x2  
  64  10:35  Stalker  
  66  10:37  Probe  
  66  10:40  Stalker  
  67  11:17  Stalker  
  67  11:18  Stalker x5  
  79  11:42  Templar Archives  
  79  11:52  Zealot x3, Robotics Bay  
  85  12:05  Pylon, Nexus  
  61  12:40  Zealot x2  
  61  12:41  Zealot x2  
  55  13:01  Zealot x3  
  55  13:02  Zealot  
  53  13:11  Immortal (Chrono Boost)  
  39  13:23  High Templar x3  
  39  13:24  High Templar  
  46  13:27  Archon  
  46  13:28  Archon  
  46  13:37  Pylon  
  42  13:58  Stalker  
  42  13:59  Stalker  
Show
View Real Time Build Order
Export as new Build Order

qqq Zerg - Winner!

Build Orders: Hatch First 

Get SALT Encoding   

  12  0:00  Drone  
  13  0:09  Drone  
  14  0:17  Overlord  
  14  0:44  Hatchery  
  14  0:48  Drone  
  14  0:52  Drone  
  15  1:00  Drone  
  16  1:10  Drone x2  
  18  1:24  Extractor, Spawning Pool  
  16  1:28  Drone  
  17  1:38  Drone  
  18  1:44  Drone  
  19  1:53  Drone  
  20  2:01  Drone  
  21  2:16  Queen  
  21  2:17  Queen  
  21  2:18  Drone x2  
  27  2:35  Metabolic Boost  
  27  2:41  Drone  
  27  2:42  Overlord  
  27  2:43  Overlord x2  
  28  3:01  Drone x3  
  31  3:06  Extractor, Zergling x4  
  32  3:13  Lair  
  32  3:21  Zergling x2  
  32  3:23  Zergling x2  
  32  3:24  Hatchery  
  32  3:27  Zergling x2  
  34  3:30  Zergling x4  
  34  3:33  Zergling x2  
  37  3:49  Zergling x6  
  37  3:50  Drone  
  37  3:51  Drone  
  42  3:57  Drone  
  42  3:58  Drone x3  
  42  4:02  Drone x3  
  49  4:06  Extractor  
  48  4:18  Spire, Spore Crawler  
  48  4:24  Spore Crawler  
  42  4:35  Zergling x6  
  42  4:36  Zergling x6  
  42  4:37  Drone x3  
  49  4:53  Zergling x2  
  49  4:56  Drone x2  
  49  4:57  Drone x4  
  49  4:59  Extractor  
  55  5:00  Extractor  
  54  5:07  Zergling x2  
  54  5:09  Drone x3  
  56  5:22  Drone x2, Spore Crawler  
  57  5:39  Overlord x5  
  57  5:54  Zerg Flyer Weapons Level 1  
  57  5:57  Drone x5, Infestation Pit  
  57  5:58  Drone x2  
  57  6:00  Hatchery  
  62  6:04  Corruptor  
  62  6:09  Mutalisk  
  62  6:11  Mutalisk  
  65  6:14  Drone  
  65  6:15  Drone  
  69  6:19  Corruptor  
  71  6:27  Drone  
  71  6:30  Corruptor  
  71  6:31  Corruptor  
  76  6:40  Hive  
  76  6:47  Drone x2  
  78  6:58  Mutalisk  
  78  6:59  Mutalisk  
  76  7:05  Hatchery  
  61  7:30  Drone x3  
  63  7:39  Drone x3  
  63  7:41  Corruptor  
  63  7:42  Mutalisk x3  
  74  7:48  Drone  
  74  7:51  Corruptor  
  75  7:53  Drone x2  
  79  8:03  Extractor  
  79  8:04  Extractor  
  77  8:08  Drone x2  
  77  8:09  Corruptor  
  81  8:26  Viper  
  84  8:28  Zergling x2  
  84  8:29  Zergling x2  
  84  8:30  Drone x6  
  92  8:34  Hatchery x2  
  92  8:41  Drone x3  
  92  9:00  Mutalisk x4  
  92  9:01  Mutalisk  
  99  9:09  Corruptor x2  
  93  9:17  Lair  
  97  9:20  Spore Crawler  
  97  9:23  Spore Crawler  
  87  9:47  Drone x5  
  87  9:49  Drone  
  87  9:51  Drone  
  93  9:56  Hatchery  
  93  9:59  Drone x3  
  95  10:03  Drone x2  
  97  10:07  Drone  
  97  10:12  Drone x3  
  101  10:15  Spore Crawler  
  101  10:16  Spore Crawler  
  101  10:17  Spore Crawler  
  101  10:19  Drone x2  
  101  10:20  Spore Crawler  
  99  10:22  Spore Crawler  
  99  10:23  Drone x2  
  99  10:25  Spore Crawler  
  99  10:28  Spire  
  98  10:32  Drone x4  
  102  10:39  Zergling x2  
  102  10:40  Zergling x10  
  102  10:42  Drone x2  
  104  11:06  Drone x6  
  104  11:08  Drone x2  
  104  11:09  Overlord  
  104  11:10  Overlord x3  
  113  11:11  Drone x3  
  113  11:18  Extractor, Overlord  
  114  11:19  Extractor  
  114  11:21  Extractor  
  114  11:22  Extractor  
  114  11:23  Spine Crawler, Spore Crawler  
  114  11:24  Spine Crawler x2  
  107  11:26  Drone x3  
  107  11:27  Spore Crawler  
  107  11:29  Hatchery  
  108  11:35  Drone x6  
  114  11:40  Drone x3  
  114  11:42  Hatchery  
  116  11:48  Hive  
  116  11:49  Zerg Flyer Armor Level 1  
  116  11:52  Drone  
  116  11:53  Drone x3  
  120  11:59  Drone  
  121  12:04  Spore Crawler  
  98  12:38  Mutalisk x5  
  98  12:39  Mutalisk x4  
  98  12:43  Drone x4  
  98  12:44  Drone x8  
  127  12:58  Drone x3  
  127  12:59  Drone  
  131  13:06  Spire  
  131  13:11  Spore Crawler  
  129  13:13  Drone x2, Lair, Spore Crawler  
  129  13:14  Drone x2, Spore Crawler  
  129  13:18  Mutalisk, Zergling x6  
  129  13:19  Drone x2  
  138  13:20  Drone x2  
  138  13:24  Drone x3  
  143  13:33  Drone x3  
  143  13:34  Drone x4  
  150  13:40  Spore Crawler  
  149  13:44  Viper  
  147  13:58  Extractor  
  147  13:59  Extractor  
Show
View Real Time Build Order
Export as new Build Order

Massa Terran - Winner!

Build Orders:  

Get SALT Encoding   

  12  0:00  SCV  
  13  0:12  SCV  
  14  0:20  Supply Depot  
  14  0:25  SCV  
  15  0:42  SCV  
  16  0:44  Barracks  
  16  0:47  Refinery  
  16  0:54  SCV  
  17  1:06  SCV  
  19  1:18  SCV  
  20  1:34  Orbital Command  
  19  1:42  Command Center  
  19  1:49  Barracks Reactor  
  19  2:01  Supply Depot  
  19  2:04  SCV  
  20  2:10  Factory  
  20  2:16  SCV  
  21  2:28  SCV  
  22  2:34  Supply Depot  
  22  2:37  Marine x2  
  22  2:42  SCV, Barracks  
  25  2:50  Supply Depot  
  25  2:55  Marine x2  
  25  2:57  Hellion  
  29  3:04  Orbital Command  
  28  3:13  Marine x2  
  30  3:30  Marine  
  30  3:31  Marine  
  31  3:43  Hellion  
  31  3:44  Barracks Tech Lab  
  33  3:48  Marine x2  
  33  3:49  SCV x2  
  33  3:53  Supply Depot  
  37  4:01  SCV x2  
  39  4:06  Marine x2  
  39  4:15  Engineering Bay  
  36  4:24  Marine x2  
  36  4:27  SCV x2  
  40  4:39  SCV x2  
  42  4:46  Missile Turret  
  42  4:50  Missile Turret  
  42  4:58  Stimpack  
  42  4:59  Marine x2  
  44  5:00  Factory Tech Lab  
  44  5:07  SCV x2  
  46  5:09  Starport  
  46  5:11  Terran Infantry Weapons Level 1  
  46  5:16  Command Center  
  46  5:17  Refinery  
  46  5:19  SCV x2  
  48  5:25  Marauder  
  48  5:26  Widow Mine  
  48  5:27  Marine x2  
  54  5:36  Missile Turret  
  54  5:39  Missile Turret  
  54  5:40  SCV x2  
  56  5:44  Marine x2  
  56  5:48  Medivac  
  60  5:52  SCV  
  61  5:58  Marine  
  62  6:07  Refinery  
  62  6:10  Supply Depot x2  
  62  6:13  Ghost Academy  
  62  6:24  Refinery  
  62  6:27  Marine x2, Medivac  
  62  6:28  SCV x2  
  68  6:33  Orbital Command, Supply Depot  
  68  6:35  Supply Depot  
  68  6:40  SCV x2  
  70  6:50  Combat Shield  
  70  6:56  Supply Depot  
  70  7:36  Marauder, Marine x2  
  74  7:39  Medivac  
  74  7:50  SCV x3  
  77  7:53  Marine  
  77  7:57  Marauder  
  80  8:02  SCV x3  
  83  8:09  Medivac  
  85  8:14  SCV x2  
  87  8:40  Marauder, Marine x2  
  81  8:58  Marine x2  
  81  9:02  Marauder  
  77  9:59  Siege Tank  
  68  10:00  Marauder, Marine x2  
  72  10:09  Barracks x2  
  72  10:10  Barracks  
  72  10:11  Barracks  
  72  10:12  Barracks  
  72  10:13  Barracks  
  72  10:18  Marine x2  
  74  10:22  Marauder  
  74  10:24  SCV x2  
  78  10:29  Terran Infantry Armor Level 1  
  78  10:31  Siege Tank  
  78  10:33  Armory  
  81  10:35  Missile Turret  
  81  10:36  SCV x2, Marine  
  81  10:37  Engineering Bay  
  81  10:42  Supply Depot  
  82  10:43  Enhanced Shockwaves  
  82  10:44  Supply Depot  
  82  10:45  Orbital Command, Supply Depot x3  
  82  10:48  SCV  
  82  10:49  SCV, Marauder, Marine  
  87  10:52  Starport Reactor  
  87  10:54  Marine  
  87  10:56  Missile Turret  
  88  10:59  Barracks  
  88  11:00  Barracks  
  88  11:06  Marine  
  88  11:07  Supply Depot  
  88  11:09  Barracks Reactor x2, Barracks Tech Lab x2, Supply Depot x2  
  88  11:10  Barracks Reactor, Barracks Tech Lab, Marauder, Supply Depot  
  91  11:11  Supply Depot  
  91  11:18  Missile Turret  
  91  11:19  Marine  
  91  11:24  Marine, Siege Tank  
  96  11:28  Medivac x2  
  96  11:32  Marauder, Concussive Shells  
  102  11:34  Marauder x3  
  102  11:37  Marine  
  102  11:39  Missile Turret  
  109  11:40  Terran Infantry Weapons Level 2  
  109  11:41  Terran Vehicle Weapons Level 1  
  109  11:42  Marine  
  109  11:43  SCV  
  111  11:53  Marauder  
  113  11:55  Marauder x3, Marine  
  113  11:58  Medivac x2  
  113  12:00  Marine  
  125  12:01  Personal Cloaking  
  125  12:13  Marine  
  125  12:14  Marauder  
  126  12:16  Marauder x2  
  126  12:17  Marauder  
  126  12:19  Command Center  
  125  12:30  Marine x9  
  125  12:31  Marine  
  125  12:36  Marauder  
  130  12:38  Marauder x3  
  131  12:47  Marine  
  131  12:48  Marine x5  
  127  12:55  Marine x4  
  127  12:57  Marauder, Siege Tank  
  134  12:59  Marauder x3  
  137  13:05  Marine  
  137  13:06  Marine x5  
  142  13:12  Marine  
  142  13:13  Marine  
  142  13:19  Marauder  
  146  13:20  Marauder  
  148  13:27  Nuke  
  148  13:29  Siege Tank  
  151  13:41  Marauder x3, Marine x7  
Tags
 
Add a new tag
Caveats
  • Supply blocks, unpowered buildings, or Contaminate may cause inaccurate times.
  • Supply counts are checked every 10 seconds.